 Dungeon Crawl Stone Soup version 0.25-a0-38-g099c3e1 (webtiles) character file.

Game seed: 14488123431992732659, levelgen mode: deterministic

98 stealthycow the Skirmisher (level 4, -1/29 HPs)
             Began as a Gargoyle Fighter on Oct 20, 2019.
             Slain by Sigmund
             ... wielding a +1 scythe of freezing
              (4 damage)
             ... on level 2 of the Dungeon.
             The game lasted 00:02:53 (1398 turns).

stealthycow the Skirmisher (Gargoyle Fighter)       Turns: 1398, Time: 00:02:54

Health: -1/29      AC: 10    Str: 21    XL:     4   Next: 69%
Magic:  4/4        EV:  7    Int:  8    God:
Gold:   43         SH:  0    Dex:  9    Spells: 3/3 levels left

rFire    . . .     SeeInvis .   a - +0 flail
rCold    . . .     Gourm    .   c - +0 shield
rNeg     + . .     Faith    .   b - +0 scale mail
rPois    ∞         Spirit   .   (no helmet)
rElec    +         Reflect  .   (no cloak)
rCorr    .         Harm     .   (no gloves)
MR       .....                  (no boots)
Stlth    ..........             (no amulet)
HPRegen  0.09/turn              (no ring)
MPRegen  0.09/turn              (no ring)

@: confused
A: negative energy resistance 1, electricity resistance, unbreathing,
petrification resistance, rot immunity, AC +3
a: no special abilities


You were on level 2 of the Dungeon.
You were not hungry.

You visited 1 branch of the dungeon, and saw 2 of its levels.

You collected 43 gold pieces.

Inventory:

Hand Weapons
 a - a +0 flail (weapon)
Armour
 b - a +0 scale mail (worn)
 c - a +0 shield (worn)
Jewellery
 e - a cursed ring of attention {unknown}
Scrolls
 i - a scroll of immolation {unknown}
 j - a scroll of identify {unknown}
 k - 2 scrolls of remove curse {unknown}
 l - a scroll of teleportation {unknown}
 m - a scroll of magic mapping {unknown}
Potions
 d - 2 potions of might
 g - a potion of heal wounds {unknown}
 h - a potion of agility {unknown}
Comestibles
 f - 8 rations
 n - 4 chunks of flesh


   Skills:
 + Level 3.9 Fighting
 * Level 3.3 Maces & Flails
 + Level 3.9 Armour
 + Level 3.9 Shields


You had 3 spell levels left.
You didn't know any spells.
Your spell library was empty.

Dungeon Overview and Level Annotations

Branches:
Dungeon (2/15)

Altars:
Gozag

Shops:
D:2 *

Annotations:
D:2 Sigmund


Innate Abilities, Weirdness & Mutations

You are resistant to torment.
Your stone body is resilient. (AC +3)
You are immune to poison.
You resist negative energy. (rN+)
You are resistant to electric shocks. (rElec)
You can survive without breathing.
You are immune to petrification.
You are immune to rotting.


Message History

You barely miss Sigmund.
Sigmund is lightly wounded.
The bat barely misses you. Sigmund gestures at you while chanting.
You are confused.
You thump Sigmund!
Sigmund is moderately wounded.
The bat hits you but does no damage. Sigmund casts a spell at you.
You are more confused.
Sigmund hits you but does no damage. The bat hits you.
You bump into the rock wall.
The bat hits you but does no damage.
Sigmund hits you from afar with a +1 scythe of freezing.
Sigmund freezes you.
You bump into the rock wall.
The bat barely misses you.
Sigmund hits you from afar with a +1 scythe of freezing!
* * * LOW HITPOINT WARNING * * *
Sigmund freezes you.
You die...

#.######## #.# #.
........########.#
#.
#...............#
#.
#......##########
#. #......# #.
#...)..# ######.
#......# #......
#..b.[.# #).....
#..@...# #......
####.### #...... .
#@# #....÷)
....##.#######
#......
..............#
#......
...........$..#
#......
####....!.....#
#......
#..........#
#######
#..........#


You could see Sigmund and a bat.

Vanquished Creatures
  Jessica (D:2)
  3 adders (D:2)
  An ooze (D:2)
  A worm (D:2)
  2 dart slugs
  2 leopard geckos
  2 bats (D:1)
  A giant cockroach (D:2)
  3 goblins
  2 hobgoblins
  2 jackals (D:2)
  8 kobolds
  3 frilled lizards
  3 rats
34 creatures vanquished.

Notes
Turn   | Place    | Note
-------+----------+-------------------------------------------
     0 | D:1      | stealthycow the Gargoyle Fighter began the quest for the
                  | Orb.
     0 | D:1      | Reached XP level 1. HP: 14/14 MP: 1/1
   134 | D:1      | You fall into a shaft and drop 1 floor!
   134 | D:2      | Found Gozag's Platinum Reserve.
   134 | D:2      | Found an opulent altar of Gozag.
   236 | D:2      | Reached XP level 2. HP: 19/19 MP: 2/2
   374 | D:2      | Reached XP level 3. HP: 19/23 MP: 3/3
  1124 | D:2      | Noticed Jessica
  1132 | D:2      | Killed Jessica
  1132 | D:2      | Reached XP level 4. HP: 29/29 MP: 4/4
  1374 | D:2      | Noticed Sigmund
  1398 | D:2      | Slain by Sigmund

Levels and vault maps discovered:
D:1:      psy_arrival_statuary, layout_basic
D:2:      layout_basic, lemuel_round_altar, nicolae_gozag_zags_fifth_avenue,
          first_ration, uniq_jessica, uniq_sigmund

Skill      XL: |  1  2  3 |
---------------+----------+-----
Maces & Flails | 3 |  3.3
Fighting       | |  3.9
Armour         | |  3.9
Shields        | |  3.9

Action                   |  1- 3 |  4- 6 || total
-------------------------+-------+-------++-------
Melee: Flail             |   108 |    50 ||   158
  Eat: Chunk             |     1 |     1 ||     2
Armor: Scale mail        |    55 |    29 ||    84
Dodge: Dodged            |    33 |     9 ||    42
Block: Shield            |    59 |    22 ||    81

Table legend:
 A = Non-vault XP
 B = Vault XP
 C = Vault XP percentage of total XP
 D = Non-vault monster count
 E = Vault monster count
 F = Vault count percentage of total count
                 A         B        C        D         E       F
            +---------+---------+-------+---------+---------+-------
      Total |     103 |      37 |  26.4 |      33 |       1 |   2.9
            +---------+---------+-------+---------+---------+-------
        D:1 |      27 |       0 |   0.0 |      15 |       0 |   0.0
        D:2 |      76 |      37 |  32.7 |      18 |       1 |   5.3
            +---------+---------+-------+---------+---------+-------
